 Dungeon Crawl Stone Soup version 0.29-a0-414-g5075937ec3 (webtiles) character file.

Game seed: 9999828142279947532

284 siradein the Grave Robber (level 6, -2/41 HPs)
             Began as a Mummy Necromancer on May 16, 2022.
             Slain by a phantom (5 damage)
             ... on level 4 of the Dungeon.
             The game lasted 00:15:22 (5164 turns).

siradein the Grave Robber (Mummy Necromancer)       Turns: 5164, Time: 00:15:24

Health: -2/41      AC:  2    Str: 11    XL:     6   Next: 7%
Magic:  14/14      EV: 12    Int: 17    God:
Gold:   226        SH:  0    Dex: 12    Spells: 8/16 levels left

rFire   . . .      SeeInvis .   b - +0 trident
rCold   + . .      Faith    .   (no shield)
rNeg    + + +      Spirit   .   a - +0 robe
rPois   ∞          Reflect  .   (no helmet)
rElec   .          Harm     .   (no cloak)
rCorr   .          Rampage  .   (no gloves)
Will    .....                   (no boots)
Stlth   ++........              (no amulet)
HPRegen 0.13/turn               k - ring of protection from fire
MPRegen 0.14/turn               (no ring)

@: no status effects
A: cold resistance 1, negative energy resistance 3, torment resistance 2, heat
vulnerability 1, in touch with death 1, no potions
a: no special abilities


You were on level 4 of the Dungeon.
You visited 1 branch of the dungeon, and saw 4 of its levels.

You collected 226 gold pieces.

Inventory:

Hand Weapons
 b - a +0 trident (weapon)
Armour
 a - a +0 robe (worn)
Jewellery
 k - a ring of protection from fire (left hand)
Scrolls
 c - 2 scrolls of fog {unknown}
 d - a scroll of summoning {unknown}
 e - a scroll of teleportation {unknown}
 f - 2 scrolls of vulnerability {unknown}
 g - a scroll of blinking
 h - a scroll of immolation
 i - a scroll of silence
 j - a scroll of poison {unknown}


   Skills:
 - Level 1.5 Dodging
 - Level 1.5 Stealth
 + Level 5.8 Spellcasting
 + Level 5.9 Necromancy


You had 8 spell levels left.
You knew the following spells:

 Your Spells              Type           Power      Damage    Failure   Level
a - Pain                  Necr           100%       1d9       1%          1
b - Vampiric Draining     Necr           37%        2d8       3%          3
c - Animate Dead          Necr           18%        N/A       12%         4

Your spell library contained the following spells:

 Spells                   Type           Power      Damage    Failure   Level
 Animate Skeleton         Necr           74%        N/A       1%          1
 Corpse Rot               Necr/Air       44%        N/A       6%          2
 Poisonous Vapours        Pois/Air       8%         N/A       21%         2
 Agony                    Necr           37%        N/A       32%         5
 Ignite Poison            Fire/Tmut/Pois 4%         N/A       36%         3
 Mephitic Cloud           Conj/Pois/Air  4%         N/A       36%         3
 Freezing Cloud           Conj/Ice/Air   2%         6-21      98%         5


Dungeon Overview and Level Annotations

Branches:
Dungeon (4/15)
 Temple: D:4-7

Altars:
Fedhas
Wu Jian
Zin


Innate Abilities, Weirdness & Mutations

You are immune to poison.
Your flesh is cold resistant. (rC+)
You are immune to negative energy. (rN+++)
You are immune to unholy pain and torment.
You are vulnerable to heat. (rF-)
You are in touch with the powers of death.
You do not drink.


Message History

You closely miss the phantom.
The phantom is severely damaged.
The phantom hits you.
The phantom blinks!
You blink.
You closely miss the phantom.
The phantom is severely damaged.
The phantom hits you but does no damage. x2
You hit the phantom but do no damage.
The phantom is severely damaged.
The phantom barely misses you.
You barely miss the phantom.
The phantom is severely damaged.
The phantom barely misses you.
You miss the phantom.
The phantom is severely damaged.
The phantom closely misses you.
You closely miss the phantom.
The phantom is severely damaged.
The phantom hits you. x2; The phantom blinks!
You blink.
You are too injured to fight recklessly!
You are too injured to fight recklessly!
You are too injured to fight recklessly!
You are too injured to fight recklessly!
You barely miss the phantom.
The phantom is severely damaged.
The phantom hits you.
* * * LOW HITPOINT WARNING * * *
The phantom blinks!
You blink.
You closely miss the phantom.
The phantom is severely damaged.
The phantom hits you.
* * * LOW HITPOINT WARNING * * *
You miss the phantom.
The phantom is severely damaged.
The phantom barely misses you. The phantom hits you!
* * * LOW HITPOINT WARNING * * *
The phantom blinks!
You blink.
You hit the phantom but do no damage.
The phantom is severely damaged.
The phantom hits you.
You die...

###...### # .. #.......# #
#.## #.#..§#.#### ....
#######.##.##.##.# .. #.(
#...............#.
..#..##.#####........###
##.....#.#####.......#.##
...#....§§§§...........#
#.#.#.@#####.....^.....
.#.#...#W.#####.#<........
................##.##.....
########....#######.###...#
............#######.####..#
########.......##..>..###..
#.##.##.##.....# #.. #.##.#
##.....# #.. #....# #.....#
#..


You could see a phantom.

Vanquished Creatures
  A howler monkey (D:4)
  An orc priest (D:4)
  Natasha (thrice) (D:3)
  4 adders
  A white imp (D:3)
  A worm (D:4)
  2 dart slugs
  5 orcs
  6 bats
  2 endoplasms (D:1)
  4 giant cockroaches
  10 goblins
  9 hobgoblins
  8 jackals
  6 quokkas
  6 ball pythons
  5 frilled lizards
  7 kobolds
  4 rats
85 creatures vanquished.

Notes
Turn   | Place    | Note
-------+----------+-------------------------------------------
     0 | D:1      | siradein the Mummy Necromancer began the quest for the Orb.
     0 | D:1      | Reached XP level 1. HP: 13/13 MP: 4/4
   345 | D:1      | Reached XP level 2. HP: 19/19 MP: 3/6
  1094 | D:1      | Gained mutation: You are in touch with the powers of death.
                  | [Mummy growth]
  1094 | D:1      | Reached XP level 3. HP: 24/24 MP: 6/8
  1295 | D:1      | Learned a level 3 spell: Vampiric Draining
  1558 | D:2      | Found a faded altar of an unknown god.
  2523 | D:3      | Found a blossoming altar of Fedhas.
  2617 | D:3      | Reached XP level 4. HP: 30/30 MP: 7/10
  2662 | D:3      | Learned a level 4 spell: Animate Dead
  2867 | D:3      | Noticed Natasha
  2872 | D:3      | Killed Natasha
  2873 | D:3      | Reached skill level 5 in Necromancy
  3280 | D:3      | Found an ornate altar of the Wu Jian Council.
  3351 | D:3      | Noticed Natasha
  3357 | D:3      | Killed Natasha
  3358 | D:3      | Reached skill level 5 in Spellcasting
  3358 | D:3      | Reached XP level 5. HP: 27/35 MP: 5/12
  3787 | D:3      | Noticed Natasha
  3796 | D:3      | Killed Natasha
  4175 | D:3      | Found a blossoming altar of Fedhas.
  4324 | D:3      | Found an ornate altar of the Wu Jian Council.
  4797 | D:4      | Reached XP level 6. HP: 32/41 MP: 1/14
  5163 | D:4      | HP: 2/41 [phantom (7)]
  5164 | D:4      | Slain by a phantom

Illustrated notes

Levels and vault maps discovered:
D:1:      minmay_arrival_four_houses, layout_basic
D:2:      layout_basic, ebering_ecumenical_altar_mist, minmay_hexomino_u4
D:3:      layout_loops_corners, nicolae_wu_jian_immortal_techniques,
          amethyst_overflow_temple_binary, minmay_unequal, uniq_natasha
D:4:      layout_loops_cross, minmay_temple_entry_ruins

Skill      XL: |  1  2  3  4 |
---------------+-------------+-----
Spellcasting   | 3 4 5 |  5.8
Necromancy     | 5 |  5.9
Dodging        | |  1.5
Stealth        | |  1.5

Action                   |  1- 3 |  4- 6 || total
-------------------------+-------+-------++-------
Melee: Trident           |     9 |    29 ||    38
 Cast: Pain              |    75 |    86 ||   161
  Use: Scroll            |       |     3 ||     3
Armor: Robe              |       |     9 ||     9
Dodge: Dodged            |     2 |    29 ||    31

Table legend: (Time is in decaauts)
 A = Elapsed time spent in this place.
 B = Non-inter-level travel time spent in this place.
 C = Inter-level travel time spent in this place.
 D = Time resting spent in this place.
 E = Time spent auto-exploring this place.
 F = Levels seen in this place.
 G = Mean time per level.
                   A        B        C        D        E       F      G
               +--------+--------+--------+--------+--------+-----+--------+
         Total |   5174 |   5108 |     66 |     56 |   4588 |   4 | 1293.5 |
       Dungeon |   5174 |   5108 |     66 |     56 |   4588 |   4 | 1293.5 |
               +--------+--------+--------+--------+--------+-----+--------+

Top non-repeatable levels by time:
     D:3: 2387 daAuts
     D:1: 1395 daAuts
     D:2: 775 daAuts
     D:4: 615 daAuts
